 Dungeon Crawl Stone Soup version 0.17.1-3-g152610e (webtiles) character file.

133 Gargoyl the Skirmisher (level 4, 0/37 HPs)
             Began as a Demonspawn Abyssal Knight on Mar 9, 2016.
             Was a Believer of Lugonu.
             Slain by a gnoll
             ... wielding a +0 flail
              (2 damage)
             ... on level 2 of the Dungeon.
             The game lasted 00:08:14 (3255 turns).

Gargoyl the Skirmisher (Demonspawn Abyssal Knight)  Turns: 3255, Time: 00:08:15

Health: 0/37       AC: 16    Str: 14    XL:     4   Next: 94%
Magic:  3/6        EV:  3    Int: 13    God:    Lugonu [**....]
Gold:   187        SH:  0    Dex: 12    Spells: 0 memorised, 3 levels left

rFire  . . .     SeeInvis .     a - +1 hand axe
rCold  . . .     Clarity  .     s - +0 plate armour
rNeg   . . .     SustAt   .     (no shield)
rPois  .         Gourm    .     (no helmet)
rElec  .         Spirit   .     m - +2 cloak
rCorr  .         Warding  .     (no gloves)
rMut   .         Stasis   .     (no boots)
MR     .....                    (no amulet)
Stlth  ..........               (no ring)
                                o - ring of stealth

@: drained, not resistant to hostile enchantments, extremely unstealthy
A: icy blue scales 2
a: Depart the Abyss, Bend Space, Renounce Religion


You were on level 2 of the Dungeon.
You worshipped Lugonu.
Lugonu was pleased with you.
You were near starving.

You visited 1 branch of the dungeon, and saw 3 of its levels.
You visited the Abyss 1 time.

You collected 187 gold pieces.

Inventory:

Hand Weapons
 a - a +1 hand axe (weapon)
 r - a +0 flail
Armour
 m - a +2 cloak (worn)
 s - a +0 plate armour (worn)
Jewellery
 i - an uncursed ring of flight
 o - a ring of stealth (left hand)
Wands
 q - a wand of confusion (31)
Scrolls
 e - a scroll of fear {unknown}
 f - 2 scrolls of teleportation {unknown}
 g - a scroll of enchant armour {unknown}
 h - 4 scrolls of remove curse {unknown}
 j - 5 scrolls of identify {unknown}
 k - a scroll of amnesia {unknown}
 p - 2 scrolls of magic mapping {unknown}
Potions
 l - a potion of resistance
Comestibles
 c - 2 bread rations
 d - a beef jerky


   Skills:
 + Level 3.7(3.1) Fighting
 + Level 2.7(2.1) Axes
 + Level 2.4(1.7) Armour
 + Level 2.2(1.6) Dodging
 + Level 0.6(0.0) Stealth
 + Level 2.8(2.2) Invocations


You had 3 spell levels left.
You didn't know any spells.

Dungeon Overview and Level Annotations

Branches:
Dungeon (3/15)

Altars:

Annotations:
D:3 riffraff's ghost, amateur GrFi


Innate Abilities, Weirdness & Mutations

You are mostly covered in icy blue scales (AC +3, EV -1).


Message History

You can no longer banish your foes.
The gnoll hits you but does no damage.
Okay, then.
There is a stone staircase leading down here.
The gnoll hits you with a flail.
* * * LOW HITPOINT WARNING * * *
You hit the gnoll.
The gnoll is moderately wounded.
The gnoll completely misses you.
You hit the gnoll.
The gnoll is heavily wounded.
The gnoll hits you with a flail.
* * * LOW HITPOINT WARNING * * *
You hit the gnoll.
The gnoll is almost dead.
The gnoll hits you but does no damage.
You closely miss the gnoll.
The gnoll is almost dead.
The gnoll hits you with a flail.
You die...

#.........#
#.#######.# # #.# #.#
# #.# #.# # #.# #.# #
#.# ##.####### #
#.######........# #
#.#........####.######
#.#..@g..>.......>....
#.######.###########.#
#.#................#.#
#.#.####.#########.#.#
##.#.####.# #.#.#
#.).......# ##'#.#
#..#.###### #....#
#..#....# #.....
#..####.# ##....#


You could see a gnoll.

Vanquished Creatures
  An adder (D:3)
  5 oozes
  3 worms (D:2)
  2 giant geckos
  7 orcs
  A ball python (D:2)
  12 giant cockroaches
  13 goblins
  8 hobgoblins
  7 jackals (D:1)
  A quokka (D:2)
  12 bats
  A giant newt (D:1)
  6 kobolds
  10 rats
89 creatures vanquished.

Notes
Turn   | Place    | Note
--------------------------------------------------------------
     0 | Abyss:1  | Gargoyl the Demonspawn Abyssal Knight began the quest for the Orb.
     0 | Abyss:1  | Reached XP level 1. HP: 18/18 MP: 2/2
    86 | Abyss:1  | Noticed a raiju
    87 | D:1      | Escaped the Abyss
   283 | D:1      | Found a runed door.
   309 | D:1      | Reached * piety under Lugonu
   311 | D:1      | Gained mutation: You are partially covered in icy blue scales (AC +1). [demonic ancestry]
   311 | D:1      | Reached XP level 2. HP: 16/24 MP: 4/4
   489 | D:1      | Reached skill level 1 in Dodging
   924 | D:1      | Reached XP level 3. HP: 25/29 MP: 5/5
   948 | D:1      | Reached ** piety under Lugonu
  1437 | D:2      | Gained mutation: You are mostly covered in icy blue scales (AC +3, EV -1). [demonic ancestry]
  1437 | D:2      | Reached XP level 4. HP: 27/36 MP: 6/6
  2748 | D:3      | Reached *** piety under Lugonu
  2769 | D:3      | Noticed riffraff's ghost (amateur GrFi)
  3009 | D:3      | Noticed an air elemental
  3255 | D:2      | Slain by a gnoll

Action                   |  1- 3 |  4- 6 || total
-------------------------+-------+-------++-------
Melee: Hand axe          |   163 |   183 ||   346
Invok: Depart the Abyss  |     1 |       ||     1
       Banish            |       |     2 ||     2
  Use: Potion            |       |     3 ||     3
  Eat: Chunk             |     2 |     5 ||     7
